 Dungeon Crawl Stone Soup version 0.28-a0-1152-g9c71ebef14 (webtiles) character file.

Game seed: 11743559324697561032

283 spaghetti the Skirmisher (level 6, -5/53 HPs)
             Began as a Mummy Delver on Dec 14, 2021.
             Slain by an ogre (35 damage)
             ... on level 4 of the Dungeon.
             The game lasted 00:02:07 (1282 turns).

spaghetti the Skirmisher (Mummy Delver)             Turns: 1282, Time: 00:02:08

Health: -5/53      AC:  3    Str: 15    XL:     6   Next: 7%
Magic:  6/6        EV: 11    Int: 12    God:
Gold:   11         SH:  0    Dex: 13    Spells: 5/5 levels left

rFire   x . .      SeeInvis .   a - +0 falchion {long}
rCold   + . .      Faith    .   (no shield)
rNeg    + + +      Spirit   .   b - +0 leather armour rPois โˆž Reflect .
                                (no helmet)
rElec   .          Harm     .   (no cloak)
rCorr   .          Rampage  .   (no gloves)
Will    .....                   (no boots)
Stlth   ++........              (no amulet)
HPRegen 0.17/turn               (no ring)
MPRegen 0.10/turn               (no ring)

@: no status effects
A: cold resistance 1, negative energy resistance 3, torment resistance 2, heat
vulnerability 1, no potions
a: no special abilities


You were on level 4 of the Dungeon.
You visited 1 branch of the dungeon, and saw 3 of its levels.

You collected 11 gold pieces.


Innate Abilities, Weirdness & Mutations

You are immune to poison.
Your flesh is cold resistant. (rC+)
You are immune to negative energy. (rN+++)
You are immune to unholy pain and torment.
You are vulnerable to heat. (rF-)
You do not drink.


   Skills:
 + Level 6.9 Fighting
 - Level 1.5 Long Blades
 - Level 1.5 Dodging
 - Level 4.1 Stealth


You had 5 spell levels left.
You didn't know any spells.
Your spell library was empty.

Inventory:

Hand Weapons
 a - a +0 falchion (weapon) {long}
Armour
 b - a +0 leather armour (worn)
Wands
 f - a wand of digging (3)
Scrolls
 c - a scroll of fog
 d - a scroll of identify {@r1}

Dungeon Overview and Level Annotations

Branches:
Dungeon (6/15)
 Temple: D:4-7

Altars:

#...........# #...........#
######### #...........#
#........ #...........#
#........
#...........####........
#.......................
######.................######
#..........O...........#
#..........n@........########
#.#####.#########...###...##.
#.# #.# #...##.#..... #.# #.#
#...##..#....
#.#####.#########...##...#..#
#>............รท.....###...##.
#######.######...######...##.
#.# #...### #..#).## ...
#.....# #.#.#.##


You could see an ogre and a necrophage.


Message History

An endoplasm comes into view.
An adder skeleton comes into view.
The endoplasm quivers. ๐Ÿ˜ฑ HP[+1] ๐Ÿ˜ฑ HP[+1]
You start resting.
A quokka is nearby! ๐Ÿ˜ฎ HP[+28]
You regained 28 hp, and now have 32/47 hp.
You are too injured to fight recklessly!
You are too injured to fight recklessly!
You are too injured to fight recklessly!
You are too injured to fight recklessly!
You are too injured to fight recklessly! ๐Ÿ˜ฎ HP[+1]
The quokka bites you. ๐Ÿ˜ฎ HP[-2]
You take 2 damage, and now have 31/47 hp.
You closely miss the quokka. The quokka bites you. x2 ๐Ÿ˜ฎ HP[-6]
You take 6 damage, and now have 25/47 hp.
You hit the quokka. The quokka closely misses you.
You barely miss the quokka. The quokka closely misses you.
The quokka bites you. ๐Ÿ˜ฎ HP[-1]
You take 1 damage, and now have 24/47 hp.
You slash the quokka!
You kill the quokka!
You start resting. ๐Ÿ˜Ž HP[+23]
Your hp is fully restored (47).
You see here a quokka corpse.
The adder skeleton bites you but does no damage.
You slash the adder skeleton! The adder skeleton bites you.
You hit the adder skeleton. The adder skeleton bites you.
You slash the adder skeleton!
You destroy the adder skeleton! ๐Ÿ˜• HP[-4]
You take 4 damage, and now have 43/47 hp.
No target in view!
No target in view!
No target in view!
No target in view!
No target in view!
No target in view!
No target in view!
No target in view!
No target in view!
No target in view!
No target in view!
No target in view!
No target in view!
A jelly comes into view. ๐Ÿ˜Ž HP[+4]
Your hp is fully restored (47).
A necrophage comes into view.
The helpless jelly fails to defend itself.
You hit the jelly.
Your hands burn!
The jelly hits you.
You are splashed with acid! ๐Ÿ˜• HP[-11]
You take 11 damage, and now have 36/47 hp.
MASSIVE DAMAGE!! (PAUSE) Unknown command.
The necrophage hits you but does no damage.
The jelly hits you but does no damage. ๐Ÿ˜• HP[+1]
The necrophage barely misses you. ๐Ÿ˜• HP[+1]
You see here a quokka skeleton.
You hit the jelly but do no damage.
Your hands burn!
The jelly barely misses you.
You hit the jelly.
Your hands burn!
The jelly hits you.
You are splashed with acid! ๐Ÿ˜ฎ HP[-12]
You take 12 damage, and now have 26/47 hp.
MASSIVE DAMAGE!! (PAUSE) Unknown command.
You slash the jelly!
Your hands burn!
* * * LOW HITPOINT WARNING * * *
The jelly closely misses you. ๐Ÿ˜จ HP[-3]
You take 3 damage, and now have 23/47 hp.
You hit the jelly.
You kill the jelly!
You have reached level 6! ๐Ÿ˜จ HP[+3] MP[+1]
You now have 53 max hp (+6).
You regained 3 hp, and now have 26/53 hp.
Your mp is fully restored (6).
Unknown command.
Found a stone staircase leading down. ๐Ÿ˜ฎ HP[+1] ๐Ÿ˜ฎ HP[+1] ๐Ÿ˜ฎ HP[+1]
The ogre shouts! ๐Ÿ˜ฎ HP[+1]
Okay, then.
The ogre hits you with a +0 giant spiked club!!
Ouch! That really hurt!
You die...

Skill      XL: |  1  2  3  4 |
---------------+-------------+-----
Fighting       | 4 5 6 |  6.9
Long Blades    | |  1.5
Dodging        | |  1.5
Stealth        | |  4.1

Action                   |  1- 3 |  4- 6 || total
-------------------------+-------+-------++-------
Melee: Falchion          |    26 |    24 ||    50
Evoke: Wand              |     3 |     1 ||     4
  Use: Scroll            |     2 |     1 ||     3
 Stab: Sleeping          |       |     2 ||     2
Armor: Leather armour    |     8 |     6 ||    14
Dodge: Dodged            |    20 |    18 ||    38

Levels and vault maps discovered:
D:4:      layout_basic, hangedman_decor_slide_cut, minmay_box_of_dots,
          uniq_menkaure, uniq_blork_the_orc
D:5:      layout_rooms, uniq_prince_ribbit1, uniq_edmund
D:6:      layout_loops_ring, uniq_duvessa

Notes
Turn   | Place    | Note
-------+----------+-------------------------------------------
     0 | D:5      | spaghetti the Mummy Delver began the quest for the Orb.
     0 | D:5      | Reached XP level 1. HP: 18/18 MP: 1/1
     0 | D:5      | magus.rc [v1.9.6]
     9 | D:5      | Noticed a hound
    25 | D:5      | Killed a hound
    26 | D:5      | Reached skill level 4 in Fighting
    26 | D:5      | Reached XP level 2. HP: 7/25 MP: 2/2
   280 | D:4      | Reached XP level 3. HP: 30/30 MP: 3/3
   284 | D:4      | HP: 6/30 [acid (3)]
   556 | D:4      | Noticed an ogre
   589 | D:4      | Noticed Blork the orc
   601 | D:4      | Killed Blork the orc
   602 | D:4      | Reached skill level 5 in Fighting
   602 | D:4      | Reached XP level 4. HP: 19/40 MP: 4/4
   786 | D:4      | Noticed Menkaure
   797 | D:4      | HP: 6/40 [Menkaure (14)]
   798 | D:4      | Killed Menkaure
   799 | D:4      | Reached skill level 6 in Fighting
   799 | D:4      | Reached XP level 5. HP: 8/47 MP: 5/5
   814 | D:4      | HP: 4/47 [quokka (4)]
   816 | D:4      | HP: 1/47 [quokka (3)]
  1230 | D:4      | Noticed a necrophage
  1259 | D:4      | Reached XP level 6. HP: 26/53 MP: 6/6
  1282 | D:4      | Slain by an ogre

Vanquished Creatures
  Menkaure (D:4)
  Blork the orc (D:4)
  2 jellies (D:4)
  A hound (D:5)
  An adder skeleton (D:4)
  2 endoplasms (D:4)
  A goblin (D:4)
  A quokka (D:4)
10 creatures vanquished.

Table legend:
 A = Non-vault XP
 B = Vault XP
 C = Vault XP percentage of total XP
 D = Non-vault monster count
 E = Vault monster count
 F = Vault count percentage of total count
                 A         B        C        D         E       F
            +---------+---------+-------+---------+---------+-------
      Total |     140 |     265 |  65.4 |       8 |       2 |  20.0
            +---------+---------+-------+---------+---------+-------
        D:4 |     100 |     265 |  72.6 |       7 |       2 |  22.2
        D:5 |      40 |       0 |   0.0 |       1 |       0 |   0.0
            +---------+---------+-------+---------+---------+-------

Illustrated notes

Table legend:
 A = Kills in this place as a percentage of kills in entire the game.
 B = Kills by you in this place as a percentage of kills by you in the entire game.
 C = Kills by friends in this place as a percentage of kills by friends in the entire game.
 D = Other kills in this place as a percentage of other kills in the entire game.
 E = Experience gained in this place as a percentage of experience gained in the entire game.
 F = Experience gained in this place divided by the number of levels of this place that you have seen.
                   A       B       C       D       E      F
               +-------+-------+-------+-------+-------+----------------------
         Total | 100.0 | 100.0 |   N/A |   N/A | 100.0 | 135.0
       Dungeon | 100.0 | 100.0 |   N/A |   N/A | 100.0 | 135.0
               +-------+-------+-------+-------+-------+----------------------

Table legend: (Time is in decaauts)
 A = Elapsed time spent in this place.
 B = Non-inter-level travel time spent in this place.
 C = Inter-level travel time spent in this place.
 D = Time resting spent in this place.
 E = Time spent auto-exploring this place.
 F = Levels seen in this place.
 G = Mean time per level.
                   A        B        C        D        E       F      G
               +--------+--------+--------+--------+--------+-----+--------+
         Total |   1292 |   1280 |     12 |    968 |    123 |   3 |  430.7 |
       Dungeon |   1292 |   1280 |     12 |    968 |    123 |   3 |  430.7 |
               +--------+--------+--------+--------+--------+-----+--------+

Top non-repeatable levels by time:
     D:4: 1026 daAuts
     D:5: 263 daAuts
     D:6: 2 daAuts
